 Dungeon Crawl Stone Soup version 0.29.1-1-gd02db6906a (console) character file.

Game seed: 5261027566811379978

47404 om the Basher (level 14, -2/181 HPs)
             Began as a Minotaur Berserker on Oct 20, 2022.
             Was a High Priest of Trog.
             Killed from afar by a starcursed mass (10 damage)
             ... with an accursed screaming
             ... on level 3 of the Abyss.
             The game lasted 00:41:30 (19348 turns).

om the Basher (Minotaur Berserker)                 Turns: 19348, Time: 00:41:31

Health: -2/181     AC: 14    Str: 43      XL:     14   Next: 8%
Magic:  13/13      EV: 14    Int:  2 (4)  God:    Trog [*****.]
Gold:   1507       SH: 11    Dex: 13 (14) Spells: 13/13 levels left

rFire   . . .      SeeInvis .   a - +12 morningstar "Zazaso" {venom, Dex+7}
rCold   . . .      Faith    .   v - +0 kite shield {reflect}
rNeg    + + +      Spirit   .   C - +4 ring mail of Inaxot {Rampage}
rPois   .          Reflect  +   (helmet restricted)
rElec   .          Harm     .   F - +0 cloak
rCorr   +          Rampage  +   (no gloves)
Will    ++...                   n - +0 pair of boots of the Ego {rN++ Str+4}
Stlth   ..........              r - amulet of the acrobat
HPRegen 0.00/turn               y - ring of Okhlyn {rN+++ Will+ rCorr Str+6 Dex-3}
MPRegen 0.13/turn               R - +6 ring of strength

@: berserking (expiring), sick, slowed, very slow
A: horns 2, retaliatory headbutt
a: Renounce Religion, Berserk, Trog's Hand, Brothers in Arms


You were on level 3 of the Abyss.
You worshipped Trog.
Trog was extremely pleased with you.
You visited 1 branch of the dungeon, and saw 15 of its levels.
You visited the Abyss 1 time.

You collected 1894 gold pieces.
You spent 387 gold pieces at shops.

Inventory:

Hand Weapons
 a - the +12 morningstar "Zazaso" (weapon) {venom, Dex+7}
   (You found it on level 7 of the Dungeon)

   It poisons the flesh of those it strikes.
   Dex:       It affects your dexterity (+7).
 b - a +6 sling of flaming
Armour
 c - an orb of mayhem
 n - the +0 pair of boots of the Ego (worn) {rN++ Str+4}
   (You found it on level 3 of the Dungeon)

   Str:       It affects your strength (+4).
   rN:        It greatly protects you from negative energy.
 v - a +0 kite shield of reflection (worn)
 C - the +4 ring mail of Inaxot (worn) {Rampage}
   (You found it on level 6 of the Dungeon)

   Rampage:   It bestows one free step when moving towards enemies.
 F - a +0 cloak (worn)
Jewellery
 r - an amulet of the acrobat (around neck)
 y - the ring of Okhlyn (left hand) {rN+++ Will+ rCorr Str+6 Dex-3}
   (You acquired it on level 4 of the Dungeon)

   [ring of strength]

   Str:       It affects your strength (+6).
   Dex:       It affects your dexterity (-3).
   rN:        It renders you almost immune to negative energy.
   rCorr:     It protects you from acid and corrosion.
   Will:      It increases your willpower.
 z - a ring of poison resistance
 K - a +6 ring of intelligence
 P - a +4 ring of protection
 R - a +6 ring of strength (right hand)
Wands
 j - a wand of flame (27)
 A - a wand of mindburst (13)
 B - a wand of iceblast (10)
 E - a wand of light (14)
 L - a wand of polymorph (16)
Scrolls
 d - a scroll of acquirement
 g - a scroll of summoning
 l - 6 scrolls of fog
 m - 8 scrolls of teleportation
 q - a scroll of fear
 t - 3 scrolls of magic mapping
 w - 2 scrolls of vulnerability
 x - 2 scrolls of immolation {unknown}
 H - 2 scrolls of enchant weapon {unknown}
 J - a scroll of poison
 O - a scroll of torment {unknown}
Potions
 e - 4 potions of flight
 f - 3 potions of attraction
 h - 4 potions of berserk rage
 k - 5 potions of curing
 o - 2 potions of ambrosia
 p - 4 potions of might
 u - a potion of degeneration
 D - a potion of cancellation
 I - a potion of brilliance {unknown}
 M - 2 potions of lignification {unknown}
 Q - 2 potions of haste {unknown}
 S - a potion of heal wounds
 T - a potion of resistance {unknown}
Miscellaneous
 N - a tin of tremorstones (2/2)
 U - a lightning rod (4/4)


   Skills:
 - Level 10.0 Fighting
 - Level 12.0(15.0) Axes
 * Level 14.8(16.4) Maces & Flails
 - Level 10.0 Ranged Weapons
 - Level 10.0 Armour
 - Level 10.0 Dodging
 - Level 10.0 Shields
 + Level 4.7 Evocations


You had 13 spell levels left.
You didn't know any spells.
Your spell library was empty.

Dungeon Overview and Level Annotations

Branches:
Dungeon (15/15)            Temple (0/1) D:6            Lair (0/5) D:10
    Orc (0/2) D:10         Vaults (0/5) D:13         Depths (0/4) D:15

Altars:
Dithmenos
Elyvilon
Fedhas
Kikubaaqudgha
Nemelex Xobeh
Ru
Sif Muna
Trog
Uskayaw
Vehumet
Wu Jian
Zin
The Shining One

Shops:
D:2 [!   D:4 *[(!   D:7 **

Portals:
Trove: D:10 (give +5 fire dragon scales)

Annotations:
D:6 2 transporters, xianbchi's ghost, novice DsAE
D:7 2 transporters, lonewolfV2's ghost, novice DsFi
D:8 1 runed translucent door
D:10 2 transporters


Innate Abilities, Weirdness & Mutations

You have a pair of horns on your head.
You reflexively headbutt those who attack you in melee.


Message History

The smoke demon is severely wounded.
You are engulfed in a cloud of scalding steam.
* * * LOW HITPOINT WARNING * * *
The smoke demon hits you.
* * * LOW HITPOINT WARNING * * *
You block the smoke demon's attack. x2
Your unstable footing causes you to fumble your attack.
You are engulfed in a cloud of scalding steam.
The starcursed mass shrieks in your mind.
* * * LOW HITPOINT WARNING * * *
The smoke demon gestures at you. The ball of steam hits you!!
* * * LOW HITPOINT WARNING * * *
You feel ill.
You impale the smoke demon!!
You kill the smoke demon!
Trog accepts your kill.
You are engulfed in a cloud of scalding steam.
* * * LOW HITPOINT WARNING * * *
A starcursed mass splits.
Why would you want to do that?
Okay, then.
You are too berserk!
You are engulfed in a cloud of scalding steam.
* * * LOW HITPOINT WARNING * * *
The neqoxec gestures at you.
Something tries to feed on your intellect!
A ynoxinul comes into view.
The wretched star is engulfed in blazing flames.
You barely miss the ancient zyme.
The ynoxinul bellows!
Your headbutt misses the ancient zyme.
You are engulfed in a cloud of scalding steam.
The ancient zyme is engulfed in a cloud of scalding steam.
The ancient zyme hits you but does no damage.
The ancient zyme misses you.
The ynoxinul gestures.
Your unstable footing causes you to fumble your attack.
A chorus of shrieks assaults your mind.
You die...

. .☼ .
..#. .##.
3..X .
...X.○ .
#5..≈###
.♣X3x@#
#...R5###
..... .
.#... .
... . .
.. . *


You could see 2 starcursed masses, an ancient zyme, a large abomination, an
efreet, a neqoxec, a ynoxinul, an iron imp, an ufetubus (summoned) and a lurking
horror.

Vanquished Creatures
  Jorgrun (D:13)
  Gastronok (D:11)
  An eidolon (Abyss:3)
  A hydra (D:8)
  9 boulder beetles
  A vault guard (D:13)
  Erolcha (D:13)
  4 two-headed ogres
  8 centaur warriors
  Urug (D:12)
  3 tengu warriors
  A vampire mage (D:15)
  A sixfirhy (Abyss:3)
  A lindwurm (shapeshifter) (D:8)
  2 deep elf pyromancers
  An orc knight (D:13)
  A necromancer (D:15)
  4 manticores
  16 slime creatures
  4 cyclopes
  2 ugly things
  Joseph (D:7)
  A smoke demon (Abyss:3)
  2 gargoyles (D:12)
  2 unseen horrors (D:11)
  An ancient zyme (Abyss:3)
  2 tengu conjurers
  6 trolls
  A guardian mummy (D:10)
  A meliai (D:9)
  A wolf spider simulacrum (D:14)
  A hornet (D:9)
  2 raiju (Abyss:3)
  A spriggan skeleton (D:15)
  A culicivora (shapeshifter) (D:13)
  Sigmund (D:2)
  A spriggan (shapeshifter) (D:14)
  2 shadows (D:10)
  4 wraiths
  A wyvern (D:8)
  22 yaks
  4 vampire mosquitoes
  A basilisk (D:8)
  2 wargs (D:10)
  A water moccasin (D:8)
  A large abomination (Abyss:3)
  3 acid dragons
  8 orc warriors
  An ice beast (D:7)
  A sky beast (D:7)
  2 black bears
  An ogre (D:6)
  15 centaurs
  A phantom (D:6)
  3 kobold brigands
  4 bullfrogs
  2 necrophages (D:6)
  A gnoll sergeant (D:8)
  5 scorpions
  14 wights
  A hornet simulacrum (D:14)
  15 killer bees
  6 howler monkeys
  A hound (D:6)
  4 jellies
  6 orc priests
  A gnoll bouda (D:10)
  2 iguanas (D:4)
  13 orc wizards
  Robin (D:2)
  11 gnolls
  10 adders
  A white imp (D:8)
  2 ufetubi
  6 dart slugs
  40 orcs
  14 endoplasms
  3 giant cockroaches
  7 hobgoblins
  3 quokkas
  4 ball pythons
  2 bats
  A frilled lizard (D:1)
  10 goblins
  12 kobolds
  5 rats
369 creatures vanquished.

Vanquished Creatures (collateral kills)
  A skeletal warrior (D:14)
  A kobold brigand (D:8)
  A necrophage (D:8)
  A howler monkey (D:7)
  2 orc wizards
  2 gnolls
  3 orcs
  An endoplasm (D:2)
  5 hobgoblins (D:2)
  2 kobolds (D:8)
  A frilled lizard (D:2)
  3 goblins (D:2)
  A rat (D:2)
24 creatures vanquished.

Vanquished Creatures (others)
  A harpy simulacrum (Abyss:3)
  An orc wizard (D:4)
  3 orcs
  A kobold (D:7)
  15 plants
  A withered plant (D:15)
22 creatures vanquished.

Grand Total: 415 creatures vanquished

Notes
Turn   | Place    | Note
-------+----------+-------------------------------------------
     0 | D:1      | om the Minotaur Berserker began the quest for the Orb.
     0 | D:1      | Reached XP level 1. HP: 19/19 MP: 0/0
   497 | D:1      | Reached XP level 2. HP: 27/27 MP: 1/1
   934 | D:1      | Reached XP level 3. HP: 33/33 MP: 2/2
  1165 | D:2      | Noticed Sigmund
  1169 | D:2      | Killed Sigmund
  1170 | D:2      | Reached skill level 5 in Axes
  1170 | D:2      | Reached XP level 4. HP: 40/40 MP: 3/3
  1170 | D:2      | Reached XP level 5. HP: 46/46 MP: 4/4
  1422 | D:2      | Noticed Robin
  1424 | D:2      | Reached ** piety under Trog
  1575 | D:2      | Killed Robin
  1607 | D:2      | Found a faded altar of an unknown god.
  1614 | D:2      | Found Ruhossaf's Antique Armour Shop.
  1637 | D:2      | Reached XP level 6. HP: 43/52 MP: 5/5
  1829 | D:2      | Found a sacrificial altar of Ru.
  1882 | D:2      | Found Riunt's Distillery.
  2101 | D:2      | Bought a potion of mutation for 96 gold pieces
  2103 | D:2      | Identified 2 scrolls of acquirement
  2797 | D:3      | Identified the +0 pair of boots of the Ego {rN++ Str+4}
  3348 | D:4      | Found a blossoming altar of Fedhas.
  3357 | D:4      | Found an ornate altar of the Wu Jian Council.
  3372 | D:4      | Found a radiant altar of Vehumet.
  3566 | D:4      | Found a white marble altar of Elyvilon.
  3656 | D:4      | Reached *** piety under Trog
  3818 | D:4      | Reached XP level 7. HP: 45/59 MP: 6/6
  4299 | D:4      | Found Ced Ber's Armour Emporium.
  4299 | D:4      | Found Wuhaos's Distillery.
  4299 | D:4      | Found Cavih's Assorted Antiques.
  4303 | D:4      | Found Guohecw's Weapon Emporium.
  4334 | D:4      | Acquired 717 gold pieces
  4560 | D:4      | Bought a potion of might for 40 gold pieces
  4560 | D:4      | Bought a potion of degeneration for 10 gold pieces
  4560 | D:4      | Bought a potion of heal wounds for 50 gold pieces
  4560 | D:4      | Bought a potion of curing for 30 gold pieces
  4560 | D:4      | Bought a potion of attraction for 30 gold pieces
  4566 | D:4      | Bought a scroll of identify for 56 gold pieces
  4942 | D:5      | Entered Level 5 of the Dungeon
  4965 | D:5      | Found a sparkling altar of Nemelex Xobeh.
  4992 | D:5      | Found a bloodstained altar of Trog.
  5291 | D:5      | Acquired the ring of Okhlyn {rN+++ Will+ rCorr Str+6 Dex-3}
  5536 | D:5      | Reached skill level 5 in Fighting
  5536 | D:5      | Reached skill level 5 in Armour
  5731 | D:6      | Reached skill level 5 in Dodging
  5786 | D:6      | Found a staircase to the Ecumenical Temple.
  5804 | D:6      | Noticed xianbchi's ghost (novice DsAE)
  5805 | D:6      | Found a transporter.
  5809 | D:6      | Found a transporter.
  5958 | D:6      | Reached XP level 8. HP: 68/68 MP: 7/7
  5999 | D:6      | Found a glowing golden altar of the Shining One.
  6171 | D:6      | Reached skill level 10 in Axes
  6411 | D:6      | Identified the +2 robe of Awe {Str+3 Int+4 Dex-4}
  6541 | D:6      | Identified the +4 ring mail of Inaxot {Rampage}
  6609 | D:6      | Found an ancient bone altar of Kikubaaqudgha.
  6889 | D:7      | Reached **** piety under Trog
  7019 | D:7      | Found a transporter.
  7020 | D:7      | Noticed a kobold demonologist
  7020 | D:7      | Noticed lonewolfV2's ghost (novice DsFi)
  7021 | D:7      | Found a transporter.
  7022 | D:7      | Identified the +12 morningstar "Zazaso" {venom, Dex+7}
  7139 | D:7      | Reached XP level 9. HP: 74/74 MP: 8/8
  7162 | D:7      | Found Iboegeda's Assorted Antiques.
  7255 | D:7      | Bought a scroll of identify for 52 gold pieces
  7255 | D:7      | Bought a clear potion for 23 gold pieces
  7381 | D:7      | Noticed Joseph
  7393 | D:7      | Killed Joseph
  7645 | D:7      | Found a glowing silver altar of Zin.
  7646 | D:7      | Found Zin's Purification Station.
  7776 | D:8      | Reached skill level 1 in Evocations
  8515 | D:8      | Noticed a boulder beetle
  8521 | D:8      | Killed a boulder beetle
  8522 | D:8      | Reached XP level 10. HP: 62/86 MP: 9/9
  8526 | D:8      | Noticed a boulder beetle
  8535 | D:8      | Killed a boulder beetle
  8817 | D:8      | Found a runed translucent door.
  9022 | D:8      | Found a runed translucent door.
  9022 | D:8      | Noticed a cyclops
  9023 | D:8      | Noticed a boulder beetle
  9026 | D:8      | Noticed a salamander
  9026 | D:8      | Noticed a tengu warrior
  9026 | D:8      | Noticed a purple ugly thing
  9026 | D:8      | Noticed a deep elf pyromancer
  9026 | D:8      | Noticed a seven-headed hydra
  9026 | D:8      | Noticed a centaur warrior
  9032 | D:8      | Noticed a moth of wrath
  9032 | D:8      | a salamander changed into a moth of wrath
  9033 | D:8      | Noticed a lindwurm
  9033 | D:8      | a moth of wrath changed into a lindwurm
  9040 | D:8      | Killed a centaur warrior
  9041 | D:8      | Reached skill level 2 in Maces & Flails
  9042 | D:8      | Killed a lindwurm
  9043 | D:8      | Reached skill level 3 in Maces & Flails
  9054 | D:8      | Killed a tengu warrior
  9055 | D:8      | Reached skill level 4 in Maces & Flails
  9179 | D:8      | Killed a purple ugly thing
  9180 | D:8      | Reached XP level 11. HP: 72/97 MP: 10/10
  9705 | D:8      | Reached ***** piety under Trog
  9707 | D:8      | Reached skill level 5 in Maces & Flails
 10298 | D:8      | Killed a seven-headed hydra
 10363 | D:8      | Killed a deep elf pyromancer
 10370 | D:8      | Reached skill level 6 in Maces & Flails
 10602 | D:8      | Found a runed translucent door.
 10615 | D:8      | Killed a boulder beetle
 10616 | D:8      | Reached skill level 1 in Shields
 11153 | D:9      | Reached skill level 1 in Ranged Weapons
 11328 | D:9      | Reached skill level 10 in Fighting
 11330 | D:9      | Reached skill level 10 in Armour
 11398 | D:9      | Found a shimmering blue altar of Sif Muna.
 11697 | D:9      | Found a shadowy altar of Dithmenos.
 12268 | D:10     | Entered Level 10 of the Dungeon
 12301 | D:10     | Reached skill level 10 in Dodging
 12498 | D:10     | Found a hide-covered altar of Uskayaw.
 12535 | D:10     | Found a transporter.
 12566 | D:10     | Found a staircase to the Orcish Mines.
 12598 | D:10     | Reached skill level 5 in Shields
 12617 | D:10     | Found a staircase to the Lair.
 12839 | D:10     | Found a transporter.
 12907 | D:10     | Found a portal to a secret trove of treasure.
 13054 | D:11     | Reached XP level 12. HP: 96/106 MP: 11/11
 13056 | D:11     | Reached skill level 5 in Ranged Weapons
 13059 | D:11     | Received a gift from Trog
 13128 | D:11     | Noticed a two-headed ogre
 13153 | D:11     | Reached skill level 7 in Maces & Flails
 13156 | D:11     | Killed a two-headed ogre
 13329 | D:11     | Noticed a two-headed ogre
 13332 | D:11     | Reached skill level 8 in Maces & Flails
 13338 | D:11     | Killed a two-headed ogre
 13404 | D:11     | Noticed Gastronok
 13412 | D:11     | Killed Gastronok
 13562 | D:11     | Reached skill level 9 in Maces & Flails
 13915 | D:12     | Noticed a two-headed ogre
 13922 | D:12     | Killed a two-headed ogre
 14310 | D:12     | Reached skill level 10 in Maces & Flails
 14465 | D:12     | Noticed Urug
 14472 | D:12     | Killed Urug
 14576 | D:12     | Noticed a boulder beetle
 14693 | D:12     | Killed a boulder beetle
 15172 | D:13     | Noticed a centaur warrior
 15178 | D:13     | Killed a centaur warrior
 15278 | D:13     | You fall into a shaft and drop 2 floors!
 15278 | D:15     | Entered Level 15 of the Dungeon
 15352 | D:14     | Reached XP level 13. HP: 113/113 MP: 12/12
 15517 | D:13     | Noticed Jorgrun
 15528 | D:13     | Noticed Erolcha
 15531 | D:13     | Killed Jorgrun
 15532 | D:13     | Reached skill level 11 in Maces & Flails
 15534 | D:13     | Killed Erolcha
 15974 | D:13     | Reached skill level 12 in Maces & Flails
 17014 | D:13     | Reached skill level 10 in Shields
 17150 | D:13     | Found a gate to the Vaults.
 17334 | D:14     | Reached skill level 13 in Maces & Flails
 18206 | D:14     | Reached skill level 14 in Maces & Flails
 18577 | D:15     | Found a staircase to the Depths.
 18628 | D:14     | Reached skill level 10 in Ranged Weapons
 18952 | D:15     | Reached XP level 14. HP: 98/121 MP: 13/13
 19095 | Abyss:3  | Cast into level 3 of the Abyss (a wizard)
 19342 | Abyss:3  | Noticed a starcursed mass
 19345 | Abyss:3  | HP: 9/181 [efreet] (5)]
 19348 | Abyss:3  | Killed from afar by a starcursed mass

Illustrated notes

Levels and vault maps discovered:
D:1:      saegor_arrival_under_anarchy, layout_basic
D:2:      layout_loops_cross, serial_shops, shop_fountains, shop_statue,
          chequers_ecumenical_altar_simple_redux, basic_altar, uniq_robin,
          uniq_sigmund
D:3:      layout_basic
D:4:      layout_basic, elyvilon_altar_4, jmf_multi_god_temple,
          nicolae_vehumet_radiance, serial_bayou, serial_bayou_pond_d,
          serial_bayou_pond_d, serial_bayou_lake_a, serial_bayou_ford_a,
          minmay_shop_grid_forest
D:5:      layout_gridville, mainiacjoe_overflow_big_doors
D:6:      layout_loops_ring, tso_metal_star, kennysheep_little_box,
          minmay_temple_entry_hall, gammafunk_ghost_arena
D:7:      layout_basic, zin_purify, serial_shops,
          nicolae_shop_temple_entry_statues_fountains, gammafunk_ghost_arena,
          uniq_joseph
D:8:      minmay_the_grid_triangle_9x9_rhombus_full
          [minmay_the_grid_triangle_9x9_flanged_cone,
          minmay_the_grid_triangle_9x9_wacky_v,
          minmay_the_grid_triangle_9x9_sparse_checkered,
          minmay_the_grid_triangle_9x9_subtriangle,
          minmay_the_grid_triangle_9x9_from_above,
          minmay_the_grid_triangle_9x9_tough_junction,
          minmay_the_grid_triangle_9x9_semitri,
          minmay_the_grid_triangle_9x9_prize_top_heavy], layout_layer_cave
D:9:      layout_basic, mainiacjoe_overflow_cross_hatched,
          nicolae_dithmenos_through_a_glass_darkly, hangedman_minor_gate_pass
D:10:     gammafunk_worm_tunnel, layout_basic, nicolae_uskayaw_dance_studio,
          erik_lair_orcish_takeover, orc_0_dummy,
          nicolae_trove_entry_path_of_doom
D:11:     layout_basic, minivault_27, uniq_gastronok
D:12:     layout_irregular_city, serial_column_ruins, column_ruins_hut,
          column_ruins_open_tiny_water, column_ruins_columns_corner,
          column_ruins_columns_water, column_ruins_grid_1,
          column_ruins_open_medium, uniq_urug
D:13:     layout_stronghold, david_vaults_5, uniq_jorgrun, uniq_erolcha
D:14:     layout_loops_ring, chequers_hall_statues_wall_a, corexii_corridor_pit
D:15:     gammafunk_depths_entry_grave, layout_small_grid, chequers_jeans,
          gammafunk_ghost_arena
Abyss:3:  base: D:10, evilmike_abyss_exit_chaos

Skill      XL: |  1  2  3  4  5  6  7  8  9 10 11 12 13 |
---------------+----------------------------------------+-----
Axes           | 4 5 6 8 9 12 | 12.0
Fighting       | 4 5 7 9 10 | 10.0
Armour         | 3 4 5 7 9 10 | 10.0
Dodging        | 3 4 5 7 8 10 | 10.0
Evocations     | 4 |  4.7
Maces & Flails | 4 6 10 14 | 14.8
Shields        | 5 8 10 | 10.0
Ranged Weapons | 4 7 10 | 10.0

Action                   |  1- 3 |  4- 6 |  7- 9 | 10-12 | 13-15 || total
-------------------------+-------+-------+-------+-------+-------++-------
Melee: Hand axe          |    43 |   112 |   158 |       |       ||   313
       Headbutt          |     9 |    20 |    30 |    76 |    50 ||   185
       Morningstar       |       |       |    77 |   336 |   186 ||   599
 Fire: Sling             |       |       |       |    48 |    26 ||    74
Throw: Throwing net      |       |       |       |       |     1 ||     1
Invok: Berserk           |     1 |       |     4 |     7 |     1 ||    13
       Trog's Hand       |       |       |       |     1 |       ||     1
       Brothers in Arms  |       |       |       |       |     1 ||     1
Evoke: Wand              |       |       |       |     1 |     1 ||     2
  Use: Scroll            |       |     6 |     9 |     3 |     1 ||    19
       Potion            |       |       |     1 |     1 |     4 ||     6
 Stab: Sleeping          |     1 |       |       |       |       ||     1
       Invisible         |       |       |       |     1 |       ||     1
Armor: Animal skin       |     5 |    10 |    10 |       |       ||    25
       Chain mail        |       |       |    23 |       |       ||    23
       Ring mail         |       |       |    44 |   116 |    43 ||   203
Dodge: Dodged            |    27 |    59 |   161 |   207 |   105 ||   559
Block: Kite shield       |       |       |       |   162 |   106 ||   268
       Reflection        |       |       |       |       |     6 ||     6
